TOP OF THE 1ST |
Lansing Lugnuts batting - Pitching for Hickory Crawdads : RHP Eddie Rojo
|
Pitching: RHP Eddie Rojo
|
|
Batting: RHB Tokuji Kawabata
|
0-0: Called Strike 0-1: Ball 1-1: Foul Ball, location: 2F 1-2: Ball 2-2: Ground out 6-3 (Groundball, 6, EV 90.0 MPH)
|
Batting: RHB Frank Caulfield
|
0-0: Called Strike 0-1: Called Strike 0-2: Ball 1-2: Ball 2-2: Strikes out swinging
|
Batting: RHB Wade Diamond
|
0-0: Ball 1-0: Called Strike 1-1: Foul Ball, location: 2F 1-2: Foul Ball, location: 2F 1-2: SOLO HOME RUN (Flyball, 7D, EV 98.1 MPH), Distance : 394 ft
|
Batting: LHB Aaron Caron
|
0-0: Called Strike 0-1: Ball 1-1: Foul Ball, location: 2F 1-2: SINGLE (Groundball, 6M, EV 98.1 MPH) (infield hit)
|
Batting: RHB Brock Van Gilder
|
0-0: Foul Ball, location: 2F 0-1: Called Strike 0-2: Ball 1-2: Ball 2-2: Ball 3-2: Strikes out swinging
|
Top of the 1st over - 1 run, 2 hits, 0 errors, 1 left on base; Lansing 1 - Hickory 0 |
BOTTOM OF THE 1ST |
Hickory Crawdads batting - Pitching for Lansing Lugnuts : RHP Fernando Torres
|
Pitching: RHP Fernando Torres
|
|
Batting: RHB Dennis Daniels
|
0-0: Ball 1-0: Ground out 4-3 (Groundball, 4, EV 104.4 MPH)
|
Batting: RHB Nick Solberg
|
0-0: Fly out, F9 (Flyball, 9, EV 91.9 MPH)
|
Batting: RHB Michel Martineau
|
0-0: Foul Ball, location: 2F 0-1: Ball 1-1: Foul Ball, location: 2F 1-2: Ball 2-2: Ball 3-2: Foul Ball, location: 2F 3-2: SINGLE (Groundball, 15S, EV 66.2 MPH) (infield hit)
|
Batting: LHB Sadamu Noguchi
|
0-0: Ball Michel Martineau is caught stealing 2nd base 2-6
|
Bottom of the 1st over - 0 runs, 1 hit, 0 errors, 0 left on base; Lansing 1 - Hickory 0 |
TOP OF THE 2ND |
Lansing Lugnuts batting - Pitching for Hickory Crawdads : RHP Eddie Rojo
|
Batting: SHB Ryan Chicoine
|
0-0: Foul Ball, location: 2F 0-1: Ball 1-1: Fly out, F7 (Line Drive, 78M, EV 93.1 MPH)
|
Batting: LHB Frank Nelson
|
0-0: Swinging Strike 0-1: Called Strike 0-2: Strikes out swinging
|
Batting: LHB Roger Escareno
|
0-0: Foul Ball, location: 2F 0-1: Ball 1-1: Foul Ball, location: 2F 1-2: Strikes out swinging
|
Top of the 2nd over - 0 runs, 0 hits, 0 errors, 0 left on base; Lansing 1 - Hickory 0 |
BOTTOM OF THE 2ND |
Hickory Crawdads batting - Pitching for Lansing Lugnuts : RHP Fernando Torres
|
Batting: LHB Sadamu Noguchi
|
0-0: Ball 1-0: Fly out, F6 (Popup, 6M, EV 70.0 MPH)
|
Batting: RHB Shoh Tanioka
|
0-0: Ground out 6-3 (Groundball, 6, EV 88.8 MPH)
|
Batting: RHB Vinny Luna
|
0-0: Ground out 5-3 (Groundball, 5, EV 83.1 MPH)
|
Bottom of the 2nd over - 0 runs, 0 hits, 0 errors, 0 left on base; Lansing 1 - Hickory 0 |
TOP OF THE 3RD |
Lansing Lugnuts batting - Pitching for Hickory Crawdads : RHP Eddie Rojo
|
Batting: RHB Brian Manson
|
0-0: Ball 1-0: Foul Ball, location: 2F 1-1: Ball 2-1: Foul Ball, location: 2F 2-2: Foul Ball, location: 2F 2-2: Ball 3-2: SINGLE (Groundball, 56D, EV 106.2 MPH)
|
Batting: RHB Tokuji Kawabata
|
0-0: Grounds into double play, 6-4-3 (Groundball, 6, EV 96.9 MPH)
|
Batting: RHB Frank Caulfield
|
0-0: Foul Ball, location: 2F 0-1: Ball 1-1: Foul Ball, location: 2F 1-2: DOUBLE (Flyball, 8RD, EV 108.1 MPH)
|
Batting: RHB Wade Diamond
|
0-0: Ball 1-0: Fly out, F7 (Flyball, 7D, EV 76.9 MPH)
|
Top of the 3rd over - 0 runs, 2 hits, 0 errors, 1 left on base; Lansing 1 - Hickory 0 |
BOTTOM OF THE 3RD |
Hickory Crawdads batting - Pitching for Lansing Lugnuts : RHP Fernando Torres
|
Batting: RHB Chris Powell
|
0-0: Ground out 6-3 (Groundball, 6, EV 101.2 MPH)
|
Batting: RHB Dave Brabo
|
0-0: Foul Ball, location: 2F 0-1: Ball 1-1: Foul Ball, location: 2F 1-2: Ball 2-2: Ball 3-2: Foul Ball, location: 2F 3-2: DOUBLE (Line Drive, 9LD, EV 110.0 MPH)
|
Batting: RHB Ricky Carbajal
|
0-0: Foul Ball, location: 2F 0-1: Foul Ball, location: 2F 0-2: Ball 1-2: Foul Ball, location: 2F 1-2: Strikes out swinging
|
Batting: RHB Dennis Daniels
|
0-0: Called Strike 0-1: Called Strike 0-2: Hit by Pitch
|
Batting: RHB Nick Solberg
|
0-0: Ball 1-0: Fielders Choice at 2nd, 6-4 (Groundball, 56D, EV 86.9 MPH)
|
Bottom of the 3rd over - 0 runs, 1 hit, 0 errors, 2 left on base; Lansing 1 - Hickory 0 |
TOP OF THE 4TH |
Lansing Lugnuts batting - Pitching for Hickory Crawdads : RHP Eddie Rojo
|
Batting: LHB Aaron Caron
|
0-0: Called Strike 0-1: Swinging Strike 0-2: Ball 1-2: Strikes out swinging
|
Batting: RHB Brock Van Gilder
|
0-0: Ball 1-0: Swinging Strike 1-1: Foul Ball, location: 2F 1-2: Ball 2-2: Ball 3-2: SINGLE (Groundball, 4MD, EV 100.6 MPH)
|
Batting: SHB Ryan Chicoine
|
0-0: Ball 1-0: Called Strike Brock Van Gilder steals 2nd base 1-1: Ball 2-1: Ball 3-1: SINGLE (Groundball, 6MD, EV 106.2 MPH) Brock Van Gilder to third Runner from 3rd tries for Home, SAFE, throw by CF to home
|
Batting: LHB Frank Nelson
|
0-0: Ball 1-0: Called Strike Ryan Chicoine is caught stealing 2nd base 2-6 1-1: Swinging Strike 1-2: Strikes out looking
|
Top of the 4th over - 1 run, 2 hits, 0 errors, 0 left on base; Lansing 2 - Hickory 0 |
BOTTOM OF THE 4TH |
Hickory Crawdads batting - Pitching for Lansing Lugnuts : RHP Fernando Torres
|
Batting: RHB Michel Martineau
|
0-0: Called Strike 0-1: Foul Ball, location: 2F 0-2: Ball 1-2: Ball 2-2: Ball 3-2: SINGLE (Line Drive, 89S, EV 98.8 MPH)
|
Batting: LHB Sadamu Noguchi
|
0-0: Called Strike 0-1: Ball 1-1: Fielders Choice at 2nd, 4-6 (Groundball, 4, EV 93.8 MPH)
|
Batting: RHB Shoh Tanioka
|
0-0: Ball 1-0: Ball Sadamu Noguchi is caught stealing 2nd base 2-4 2-0: Called Strike 2-1: Ground out 5-3 (Groundball, 5D, EV 103.8 MPH)
|
Bottom of the 4th over - 0 runs, 1 hit, 0 errors, 0 left on base; Lansing 2 - Hickory 0 |
TOP OF THE 5TH |
Lansing Lugnuts batting - Pitching for Hickory Crawdads : RHP Eddie Rojo
|
Batting: LHB Roger Escareno
|
0-0: Ball 1-0: DOUBLE (Line Drive, 89D, EV 109.4 MPH)
|
Batting: RHB Brian Manson
|
0-0: Ball 1-0: DOUBLE (Groundball, 5L, EV 105.6 MPH) Roger Escareno scores
|
Batting: RHB Tokuji Kawabata
|
0-0: Called Strike 0-1: Ball 1-1: Called Strike 1-2: Strikes out swinging
|
Batting: RHB Frank Caulfield
|
0-0: Ground out 3-1 (Groundball, 34S, EV 70.0 MPH) Brian Manson to third
|
Batting: RHB Wade Diamond
|
0-0: Called Strike 0-1: Ball 1-1: Ball 2-1: Ground out 4-3 (Groundball, 4, EV 108.8 MPH)
|
Top of the 5th over - 1 run, 2 hits, 0 errors, 1 left on base; Lansing 3 - Hickory 0 |
BOTTOM OF THE 5TH |
Hickory Crawdads batting - Pitching for Lansing Lugnuts : RHP Fernando Torres
|
Batting: RHB Vinny Luna
|
0-0: Called Strike 0-1: Ball 1-1: Swinging Strike 1-2: Ball 2-2: Ground out 5-3 (Groundball, 56, EV 103.8 MPH)
|
Batting: RHB Chris Powell
|
0-0: Called Strike 0-1: Foul Ball, location: 2F 0-2: Ball 1-2: Ball 2-2: Foul Ball, location: 2F 2-2: Ground out U3 (Groundball, 34, EV 86.2 MPH)
|
Batting: RHB Dave Brabo
|
0-0: Called Strike 0-1: Ball 1-1: Ball 2-1: Foul Ball, location: 2F 2-2: Ground out 3-1 (Groundball, 34, EV 98.8 MPH)
|
Bottom of the 5th over - 0 runs, 0 hits, 0 errors, 0 left on base; Lansing 3 - Hickory 0 |
TOP OF THE 6TH |
Lansing Lugnuts batting - Pitching for Hickory Crawdads : RHP Eddie Rojo
|
Batting: LHB Aaron Caron
|
0-0: Ball 1-0: Foul Ball, location: 2F 1-1: Ball 2-1: Swinging Strike 2-2: SINGLE (Groundball, 34D, EV 105.6 MPH)
|
Batting: RHB Brock Van Gilder
|
0-0: Called Strike 0-1: Called Strike Aaron Caron is caught stealing 2nd base 2-4 0-2: Ball 1-2: Ball 2-2: Foul Ball, location: 2F 2-2: Ball 3-2: Foul Ball, location: 2F 3-2: Foul Ball, location: 2F 3-2: Ground out 4-3 (Groundball, 4S, EV 83.8 MPH)
|
Batting: SHB Ryan Chicoine
|
0-0: Ball 1-0: Foul Ball, location: 2F 1-1: Ball 2-1: Ball 3-1: Foul Ball, location: 2F 3-2: Strikes out swinging
|
Top of the 6th over - 0 runs, 1 hit, 0 errors, 0 left on base; Lansing 3 - Hickory 0 |
BOTTOM OF THE 6TH |
Hickory Crawdads batting - Pitching for Lansing Lugnuts : RHP Fernando Torres
|
Batting: RHB Ricky Carbajal
|
0-0: Bunt missed! 0-1: Ball 1-1: SOLO HOME RUN (Flyball, 7D, EV 100.6 MPH), Distance : 387 ft
|
Batting: RHB Dennis Daniels
|
0-0: Ball 1-0: Called Strike 1-1: Ball 2-1: Foul Ball, location: 2F 2-2: Ground out 6-3 (Groundball, 6M, EV 104.4 MPH)
|
Batting: RHB Nick Solberg
|
0-0: Called Strike 0-1: Foul Ball, location: 2F 0-2: Ball 1-2: Ball 2-2: Ground out 6-3 (Groundball, 6, EV 100.6 MPH)
|
Batting: RHB Michel Martineau
|
0-0: Ground out 4-3 (Groundball, 4, EV 85.0 MPH)
|
Bottom of the 6th over - 1 run, 1 hit, 0 errors, 0 left on base; Lansing 3 - Hickory 1 |
TOP OF THE 7TH |
Lansing Lugnuts batting - Pitching for Hickory Crawdads : RHP Eddie Rojo
|
Pitching: LHP Matt Purke Jr.
|
|
Batting: LHB Frank Nelson
|
0-0: Ball 1-0: Ground out 6-3 (Groundball, 6, EV 101.9 MPH)
|
Batting: LHB Roger Escareno
|
0-0: Ball 1-0: Ground out 6-3 (Groundball, 6, EV 86.9 MPH)
|
Batting: RHB Brian Manson
|
0-0: Foul Ball, location: 2F 0-1: Swinging Strike 0-2: Strikes out looking
|
Top of the 7th over - 0 runs, 0 hits, 0 errors, 0 left on base; Lansing 3 - Hickory 1 |
BOTTOM OF THE 7TH |
Hickory Crawdads batting - Pitching for Lansing Lugnuts : RHP Fernando Torres
|
Batting: LHB Sadamu Noguchi
|
0-0: Ball 1-0: Ball 2-0: Ball 3-0: Base on Balls
|
Pinch Hitting: SHB Isaiah Cherry
|
0-0: Foul Ball, location: 2F 0-1: Fielders Choice at 2nd, 1-6 (Groundball, 13S, EV 76.2 MPH)
|
Batting: RHB Vinny Luna
|
0-0: Called Strike 0-1: Foul Ball, location: 2F 0-2: Foul Ball, location: 2F 0-2: Grounds into double play, 5-4-3 (Groundball, 56S, EV 83.1 MPH)
|
Bottom of the 7th over - 0 runs, 0 hits, 0 errors, 0 left on base; Lansing 3 - Hickory 1 |
TOP OF THE 8TH |
Lansing Lugnuts batting - Pitching for Hickory Crawdads : LHP Matt Purke Jr.
|
Now at 2B: Isaiah Cherry
|
|
Now at 3B: Dave Brabo
|
|
Now at SS: Dennis Daniels
|
|
Batting: RHB Tokuji Kawabata
|
0-0: Called Strike 0-1: Swinging Strike 0-2: Ground out 5-3 (Groundball, 5L, EV 77.5 MPH)
|
Batting: RHB Frank Caulfield
|
0-0: Called Strike 0-1: Ground out 4-3 (Groundball, 4, EV 111.2 MPH)
|
Batting: RHB Wade Diamond
|
0-0: Called Strike 0-1: Ball 1-1: Called Strike 1-2: Ground out 6-3 (Groundball, 56, EV 81.9 MPH)
|
Top of the 8th over - 0 runs, 0 hits, 0 errors, 0 left on base; Lansing 3 - Hickory 1 |
BOTTOM OF THE 8TH |
Hickory Crawdads batting - Pitching for Lansing Lugnuts : RHP Fernando Torres
|
Batting: RHB Chris Powell
|
0-0: Fly out, F5 (Line Drive, 56, EV 67.5 MPH)
|
Pinch Hitting: LHB Lee Gerken
|
0-0: Called Strike 0-1: Foul Ball, location: 2F 0-2: Ball 1-2: Ball 2-2: Fly out, F9 (Flyball, 9, EV 95.6 MPH)
|
Batting: RHB Ricky Carbajal
|
0-0: Ball 1-0: Ball 2-0: Called Strike 2-1: Foul Ball, location: 2F 2-2: Strikes out swinging
|
Bottom of the 8th over - 0 runs, 0 hits, 0 errors, 0 left on base; Lansing 3 - Hickory 1 |
TOP OF THE 9TH |
Lansing Lugnuts batting - Pitching for Hickory Crawdads : LHP Matt Purke Jr.
|
Now at 3B: Justin Aslinger
|
|
Batting: LHB Aaron Caron
|
0-0: Called Strike 0-1: Ball 1-1: Ground out 5-3 (Groundball, 5, EV 103.1 MPH)
|
DELAY
|
Rain delay of 22 minutes in the 9th inning.
|
Batting: RHB Brock Van Gilder
|
0-0: Foul Ball, location: 2F 0-1: Foul Ball, location: 2F 0-2: Strikes out swinging
|
Batting: SHB Ryan Chicoine
|
0-0: Ball 1-0: Ball 2-0: Ball 3-0: Swinging Strike 3-1: Foul Ball, location: 2F 3-2: Ground out 1-3 (Groundball, 15S, EV 76.2 MPH)
|
Top of the 9th over - 0 runs, 0 hits, 0 errors, 0 left on base; Lansing 3 - Hickory 1 |
BOTTOM OF THE 9TH |
Hickory Crawdads batting - Pitching for Lansing Lugnuts : RHP Fernando Torres
|
Pitching: RHP Aaron Linkous
|
|
Batting: RHB Dennis Daniels
|
0-0: Foul Ball, location: 2F 0-1: Called Strike 0-2: Ball 1-2: Strikes out swinging
|
Pinch Hitting: LHB Jose Baez
|
0-0: Ball 1-0: Foul Ball, location: 2F 1-1: SOLO HOME RUN (Flyball, 9D, EV 101.9 MPH), Distance : 380 ft
|
Batting: RHB Michel Martineau
|
0-0: Called Strike 0-1: Foul Ball, location: 2F 0-2: Ball 1-2: Foul Ball, location: 2F 1-2: Ball 2-2: Ball 3-2: Fly out, F9 (Flyball, 89S, EV 91.2 MPH)
|
Batting: LHB Sadamu Noguchi
|
0-0: Foul Ball, location: 2F 0-1: Ball 1-1: Ground out 5-3 (Groundball, 5, EV 100.6 MPH)
|
Bottom of the 9th over - 1 run, 1 hit, 0 errors, 0 left on base; Lansing 3 - Hickory 2 |
|